 Dungeon Crawl Stone Soup version 0.19-a0-1834-g6b7851e (webtiles) character file.

2977 kae the Carver (level 10, -2/80 HPs)
             Began as a Formicid Fighter on Oct 8, 2016.
             Was a Follower of Okawaru.
             Killed from afar by an electric eel (10 damage)
             ... with a bolt of electricity
             ... on level 7 of the Dungeon.
             The game lasted 00:10:20 (7237 turns).

kae the Carver (Formicid Fighter)                   Turns: 7237, Time: 00:10:21

Health: -2/80      AC:  8    Str: 24    XL:     10   Next: 8%
Magic:  10/10      EV:  9    Int:  8    God:    Okawaru [*.....]
Gold:   214        SH: 13    Dex: 12    Spells: 0 memorised, 9 levels left

rFire  . . .     SeeInvis +     C - +0 falchion
rCold  . . .     Gourm    .     b - +0 scale mail
rNeg   . . .     Faith    .     c - +1 shield
rPois  .         Spirit   .     (helmet unavailable)
rElec  .         Dismiss  .     (no cloak)
rCorr  .         Reflect  .     l - +0 pair of gloves
MR     +....     Harm     .     (no boots)
Stlth  ..........               (no amulet)
                                s - +2 ring of dexterity
                                j - +5 ring of slaying

@: no status effects
A: permanent stasis, dig shafts and tunnels, four strong arms, antennae 3,
talons 1, evolution 2
a: Dig, Shaft Self, Heroism, Renounce Religion


You were on level 7 of the Dungeon.
You worshipped Okawaru.
Okawaru was aware of your devotion.
You were not hungry.

You visited 2 branches of the dungeon, and saw 8 of its levels.

You collected 277 gold pieces.
You spent 63 gold pieces at shops.

Inventory:

Hand Weapons
 a - a +0 long sword
 C - a +0 falchion (weapon)
Armour
 b - a +0 scale mail (worn)
 c - a +1 shield (worn)
 l - a +0 pair of gloves (worn)
Jewellery
 j - a +5 ring of slaying (left hand)
 s - a +2 ring of dexterity (right hand)
 H - a cursed -3 ring of strength {unknown}
Wands
 r - a wand of random effects (23/48)
 t - a wand of slowing (24/48)
 w - a wand of random effects (22/48)
 B - a wand of slowing (31/48)
 G - a wand of lightning (10/15)
 I - a wand of paralysis (5/24)
 J - a wand of lightning (11/15)
Scrolls
 e - 4 scrolls of identify
 g - a scroll of recharging
 n - 2 scrolls of remove curse
 p - 4 scrolls of enchant weapon {unknown}
 y - a scroll of immolation {unknown}
 z - a scroll of magic mapping {unknown}
 A - a scroll of fog {unknown}
 D - a scroll of amnesia {unknown}
 E - a scroll of vulnerability {unknown}
Potions
 h - a potion of degeneration
 i - 2 potions of agility
 q - a potion of curing {unknown}
 u - 3 potions of flight {unknown}
 v - 2 potions of mutation {unknown}
 x - 2 potions of brilliance {unknown}
 F - a potion of cancellation {unknown}
Comestibles
 d - a slice of pizza
 f - 4 bread rations
 k - 3 meat rations
 m - 2 beef jerkies
 o - 3 fruits
 K - 5 chunks of flesh


   Skills:
 + Level 7.8 Fighting
 * Level 9.6 Long Blades
 - Level 3.2 Armour
 + Level 9.0 Shields
 + Level 0.0 Invocations


You had 9 spell levels left.
You didn't know any spells.

Dungeon Overview and Level Annotations

Branches:
Dungeon (7/15)             Temple (1/1) D:7

Altars:
Ashenzari
Cheibriados
Dithmenos
Elyvilon
Kikubaaqudgha
Makhleb
Nemelex Xobeh
Okawaru
Qazlal
Sif Muna
Uskayaw
Vehumet
Xom
Zin
The Shining One

Shops:
D:5 [


Innate Abilities, Weirdness & Mutations

You are under a permanent stasis effect.
You can dig through walls and to a lower floor.
Your four strong arms can wield two-handed weapons with a shield.
You have a pair of large antennae on your head. (SInv)
You have sharp toenails.
You rapidly evolve.


Message History

The electric eel is severely wounded.
The electric eel shoots out a bolt of lightning at you!
The bolt of electricity hits you! x2
* * * LOW HITPOINT WARNING * * *
The bolt of electricity hits the electric eel.
The electric eel completely resists.
The bolt of electricity hits the plant.
You miss the electric eel. Your kick misses the electric eel.
The electric eel is severely wounded.
The electric eel shoots out a bolt of lightning at you!
The bolt of electricity hits you!
* * * LOW HITPOINT WARNING * * *
The bolt of electricity hits you!
* * * LOW HITPOINT WARNING * * *
The bolt of electricity hits the electric eel.
The electric eel completely resists.
The bolt of electricity hits the plant.
You barely miss the electric eel.
The electric eel is severely wounded.
The electric eel shoots out a bolt of lightning at you!
The bolt of electricity hits you!
You die...

##.......# #....#
##.......# ##...#
###......# #...#
###......# ##..#
..'......#####..#
..#.......†....>#
..#.....#######.#
..#.....# ##PP.##
..#.....# #.≈..@#
..#.....# #PP≈P≈P;P#
........+.≈≈≈♣♣♣P≈P..#
..........P≈≈
♣♣≈≈P.... ...######.P≈
P≈P.### #..P ♣≈.## #..
≈## ≈#


You could see an electric eel.

Vanquished Creatures
  The ghost of Loading the Chopper, an amateur HOFi (D:4)
  A hippogriff (D:7)
  Sigmund (D:5)
  Eustachio (D:5)
  2 ice beasts
  2 orc warriors (D:6)
  A black bear (D:7)
  2 centaurs
  2 ogres
  3 bullfrogs
  4 killer bees (D:7)
  4 electric eels (D:7)
  A bullfrog zombie (D:7)
  2 crimson imps
  2 hounds (D:4)
  3 bullfrog skeletons
  4 orc priests
  6 orc wizards
  A centaur skeleton (D:4)
  Ijyb (D:3)
  Natasha (thrice) (D:2)
  2 worker ants (D:6)
  A worker ant zombie (D:5)
  7 adders
  2 shadow imps
  2 oozes (D:2)
  An adder skeleton (D:4)
  6 worms
  2 dart slugs
  3 leopard geckos
  32 orcs
  2 ball pythons
  10 bats
  7 giant cockroaches
  18 goblins
  5 hobgoblins
  4 jackals (D:6)
  8 kobolds
  4 quokkas
  6 frilled lizards
  A leopard gecko skeleton (D:6)
  A leopard gecko zombie (D:5)
  10 rats
181 creatures vanquished.

Vanquished Creatures (others)
  2 plants (D:7)
2 creatures vanquished.

Grand Total: 183 creatures vanquished

Notes
Turn   | Place    | Note
-------+----------+-------------------------------------------
     0 | D:1      | kae the Formicid Fighter began the quest for the Orb.
     0 | D:1      | Reached XP level 1. HP: 18/18 MP: 1/1
    50 | D:1      | Reached XP level 2. HP: 24/24 MP: 2/2
   285 | D:1      | Reached XP level 3. HP: 23/29 MP: 3/3
   767 | D:2      | Reached XP level 4. HP: 31/36 MP: 4/4
   990 | D:2      | Noticed Natasha
   997 | D:2      | Killed Natasha
  1099 | D:2      | Reached XP level 5. HP: 27/42 MP: 5/5
  1511 | D:2      | Noticed Natasha
  1596 | D:2      | Killed Natasha
  1742 | D:2      | Noticed Natasha
  1757 | D:2      | Killed Natasha
  1757 | D:2      | Reached skill level 5 in Shields
  2056 | D:3      | Gained mutation: You evolve. [potion of beneficial mutation]
  2178 | D:3      | Reached XP level 6. HP: 49/49 MP: 6/6
  2369 | D:3      | Noticed Ijyb
  2404 | D:3      | Killed Ijyb
  2616 | D:3      | Reached skill level 5 in Long Blades
  2856 | D:3      | Found a sparkling altar of Nemelex Xobeh.
  2970 | D:3      | Reached XP level 7. HP: 55/55 MP: 7/7
  3409 | D:4      | Found a radiant altar of Vehumet.
  3409 | D:4      | Found a glowing silver altar of Zin.
  3411 | D:4      | Found a shimmering altar of Xom.
  3417 | D:4      | Found a stormy altar of Qazlal.
  3426 | D:4      | Reached skill level 5 in Fighting
  3503 | D:4      | Noticed Loading's ghost (amateur HOFi)
  3515 | D:4      | Killed Loading's ghost
  3515 | D:4      | Reached XP level 8. HP: 41/63 MP: 8/8
  4194 | D:5      | Entered Level 5 of the Dungeon
  4211 | D:5      | Noticed Sigmund
  4224 | D:5      | Killed Sigmund
  4610 | D:5      | Noticed Eustachio
  4625 | D:5      | Killed Eustachio
  4681 | D:5      | Found Plog's Armour Shop.
  4684 | D:5      | Bought a +0 pair of gloves for 63 gold pieces
  4764 | D:6      | Reached XP level 9. HP: 66/71 MP: 9/9
  4796 | D:6      | Found a glowing golden altar of the Shining One.
  5012 | D:5      | Gained mutation: You rapidly evolve. [evolution]
  5233 | D:6      | Found a snail-covered altar of Cheibriados.
  5644 | D:7      | Found a staircase to the Ecumenical Temple.
  5653 | Temple   | Entered the Ecumenical Temple
  5663 | Temple   | Became a worshipper of Warmaster Okawaru
  6891 | D:7      | Gained mutation: You have sharp toenails. [evolution]
  7032 | D:7      | Noticed a hippogriff
  7052 | D:7      | Killed a hippogriff
  7052 | D:7      | Reached * piety under Okawaru
  7052 | D:7      | Reached XP level 10. HP: 66/80 MP: 10/10
  7237 | D:7      | Killed from afar by an electric eel

Vault maps used:
D:1:      saegor_arrival_simple_b, minmay_misc_feat_columns,
          corexii_hall_statues_i, roderic_serpentine_path
D:2:      minivault_25, minmay_hexomino_p4, uniq_natasha
D:3:      nemelex_lonely_heart_becter, uniq_iyjb
D:4:      nicolae_overflow_quartered_altars, first_bread, corner_web_ring,
          minmay_misc_feat_plants
D:5:      serial_shops, nicolae_shop_behind_doors, uniq_eustachio, uniq_sigmund
D:6:      lemuel_round_altar, cheibriados_altar_wand_db
D:7:      serial_bayou, serial_bayou_ford_a, serial_bayou_pond_c,
          serial_bayou_lake_a, serial_bayou_pond_a, uniq_pikel
Temple:   eino_temple_lava

Skill      XL: |  1  2  3  4  5  6  7  8  9 10 |
---------------+-------------------------------+-----
Shields        | 4 5 6 7 8 9 |  9.0
Long Blades    | 3 4 5 6 7 9 |  9.6
Fighting       | 4 5 6 7 |  7.8
Armour         | |  3.2

Action                   |  1- 3 |  4- 6 |  7- 9 | 10-12 || total
-------------------------+-------+-------+-------+-------++-------
Melee: Long sword        |    89 |   218 |   126 |       ||   433
       Falchion          |       |    45 |   159 |    29 ||   233
       Kick              |       |       |     8 |     4 ||    12
Invok: Heroism           |       |       |       |     1 ||     1
 Abil: Dig               |       |     7 |     5 |       ||    12
  Use: Scroll            |       |     7 |     1 |       ||     8
       Potion            |       |     3 |     3 |       ||     6
  Eat: Chunk             |       |     8 |    14 |     1 ||    23
Armor: Scale mail        |    34 |    88 |    78 |     4 ||   204
Dodge: Dodged            |    26 |    73 |    82 |     6 ||   187
Block: Shield            |    44 |   122 |   154 |    16 ||   336
       Rpst.: Long sword |     5 |    17 |    18 |       ||    40
       Falchion          |       |     2 |    10 |       ||    12
